PCL
DISTRICT 9 PRAWNS @ TEXARKANA BEARS
09/05/2029
 
TOP OF THE 1ST
District 9 Prawns batting - Pitching for Texarkana Bears : RHP Joe Utter
Pitching: RHP Joe Utter
Batting: SHB Júlio Macías 0-0: Called Strike
0-1: Swinging Strike
0-2: Foul Ball, location: 2F
0-2: Ball
1-2: Ball
2-2: Ball
3-2: Base on Balls
Batting: RHB José Colón 0-0: Ball
1-0: Ball
2-0: DOUBLE (Flyball, 89D)
Júlio Macías to third
Runner from 3rd tries for Home, SAFE, no throw
Batting: LHB Terry Simpson 0-0: SINGLE (Line Drive, 9S)
José Colón to third
Batting: LHB Mike Davis 0-0: Called Strike
0-1: Called Strike
0-2: Ball
1-2: Strikes out swinging
Batting: LHB Jeff Doss 0-0: DOUBLE (Line Drive, 89XD)
José Colón scores
Terry Simpson to third
Batting: RHB Edgardo Carrasco 0-0: Called Strike
0-1: Ball
1-1: Ball
2-1: Ball
3-1: Base on Balls
Batting: LHB Manuel Cardenas 0-0: Foul Ball, location: 2F
0-1: Fly out, F9 (Flyball, 9D)
Throwing error, E9
Terry Simpson scores
Jeff Doss to third
Edgardo Carrasco to second
Batting: RHB Lúcio García 0-0: Ball
1-0: Called Strike
1-1: SINGLE (Groundball, 56D)
Jeff Doss scores
Edgardo Carrasco to third
Runner from 3rd tries for Home, SAFE, no throw
Batting: RHB Bernardo Corona 0-0: Called Strike
0-1: Ground out 4-3 (Groundball, 4)
Top of the 1st over - 5 runs, 4 hits, 1 error, 1 left on base; District 9 5 - Texarkana 0
BOTTOM OF THE 1ST
Texarkana Bears batting - Pitching for District 9 Prawns : LHP Ricardo Vega
Pitching: LHP Ricardo Vega
Batting: LHB Alberto Medine 0-0: Foul Ball, location: 2F
0-1: Ball
1-1: Foul Ball, location: 2F
1-2: Ball
2-2: Strikes out swinging
Batting: RHB Sadao Kimura 0-0: Called Strike
0-1: Ball
1-1: Called Strike
1-2: Foul Ball, location: 2F
1-2: Ground out 6-3 (Groundball, 6)
Batting: RHB Billy Campbell 0-0: Ball
1-0: Foul Ball, location: 2F
1-1: Ball
2-1: Ball
3-1: Ground out U3 (Groundball, 34)
Bottom of the 1st over - 0 runs, 0 hits, 0 errors, 0 left on base; District 9 5 - Texarkana 0
TOP OF THE 2ND
District 9 Prawns batting - Pitching for Texarkana Bears : RHP Joe Utter
Batting: SHB Júlio Macías 0-0: Ball
1-0: Fly out, F8 (Flyball, 8LS)
Batting: RHB José Colón 0-0: Ball
1-0: Foul Ball, location: 2F
1-1: Swinging Strike
1-2: Ball
2-2: Ball
3-2: Ground out 6-3 (Groundball, 6S)
Batting: LHB Terry Simpson 0-0: SINGLE (Line Drive, 78S)
Batting: LHB Mike Davis 0-0: Called Strike
0-1: Ball
1-1: Ball
2-1: Ball
3-1: Base on Balls
Terry Simpson to second
Batting: LHB Jeff Doss 0-0: Ball
1-0: Fly out, F9 (Flyball, 9LS)
Top of the 2nd over - 0 runs, 1 hit, 0 errors, 2 left on base; District 9 5 - Texarkana 0
BOTTOM OF THE 2ND
Texarkana Bears batting - Pitching for District 9 Prawns : LHP Ricardo Vega
Batting: RHB Lu-fang Huie 0-0: Ball
1-0: Ball
2-0: Swinging Strike
2-1: Ball
3-1: Fly out, F3 (Popup, 3)
Batting: LHB Sam Barnes 0-0: Called Strike
0-1: SINGLE (Groundball, 34S) (infield hit)
Batting: LHB Bernardo Morales 0-0: Ball
1-0: Ball
2-0: Called Strike
2-1: Swinging Strike
2-2: Foul Ball, location: 2F
2-2: Ball
3-2: SINGLE (Line Drive, 8RS)
Sam Barnes to second
Sam Barnes to third
Batting: RHB Arturo Rodríguez 0-0: Ball
1-0: Ball
2-0: Ball
3-0: Called Strike
3-1: Base on Balls
Bernardo Morales to second
Batting: RHB Steve Garneys 0-0: Ball
1-0: Called Strike
1-1: SINGLE (Line Drive, 4MD)
Sam Barnes scores
Bernardo Morales to third
Arturo Rodríguez to second
Batting: RHB Kun Liu 0-0: Fly out, F3 (Popup, 3)
Batting: LHB Alberto Medine 0-0: SINGLE (Groundball, 4D)
Bernardo Morales scores
Arturo Rodríguez to third
Steve Garneys to second
Runner from 3rd tries for Home, SAFE, no throw
Batting: RHB Sadao Kimura 0-0: Foul Ball, location: 2F
0-1: Ball
1-1: Ball
2-1: Swinging Strike
2-2: Foul Ball, location: 2F
2-2: Ball
3-2: Foul Ball, location: 2F
3-2: Strikes out looking
Bottom of the 2nd over - 3 runs, 4 hits, 0 errors, 2 left on base; District 9 5 - Texarkana 3
TOP OF THE 3RD
District 9 Prawns batting - Pitching for Texarkana Bears : RHP Joe Utter
Batting: RHB Edgardo Carrasco 0-0: Ball
1-0: Ground out 5-3 (Groundball, 56S)
Batting: LHB Manuel Cardenas 0-0: Ball
1-0: Foul Ball, location: 2F
1-1: Swinging Strike
1-2: Strikes out looking
Batting: RHB Lúcio García 0-0: Called Strike
0-1: Foul Ball, location: 2F
0-2: Foul Ball, location: 2F
0-2: Strikes out swinging
Top of the 3rd over - 0 runs, 0 hits, 0 errors, 0 left on base; District 9 5 - Texarkana 3
BOTTOM OF THE 3RD
Texarkana Bears batting - Pitching for District 9 Prawns : LHP Ricardo Vega
Batting: RHB Billy Campbell 0-0: TRIPLE (Flyball, 7D)
Batting: RHB Lu-fang Huie 0-0: Ball
1-0: Ball
2-0: Fly out, F8 (Flyball, 8RXD)
Runner from 3rd tags up, SCORES, no throw
Batting: LHB Sam Barnes 0-0: Ball
1-0: SINGLE (Flyball, 8RS)
Batting: LHB Bernardo Morales 0-0: Called Strike
0-1: Fly out, F8 (Flyball, 8RS)
Batting: RHB Arturo Rodríguez 0-0: Swinging Strike
0-1: Called Strike
0-2: Foul Ball, location: 2F
0-2: Ball
1-2: Foul Ball, location: 2F
1-2: Fielders Choice at 2nd, 5-4 (Groundball, 56)
Bottom of the 3rd over - 1 run, 2 hits, 0 errors, 1 left on base; District 9 5 - Texarkana 4
TOP OF THE 4TH
District 9 Prawns batting - Pitching for Texarkana Bears : RHP Joe Utter
Batting: RHB Bernardo Corona 0-0: Called Strike
0-1: Swinging Strike
0-2: Ball
1-2: Foul Ball, location: 2F
1-2: Ball
2-2: Ground out 6-3 (Groundball, 6)
Batting: SHB Júlio Macías 0-0: Foul Ball, location: 2F
0-1: Swinging Strike
0-2: Strikes out swinging
Batting: RHB José Colón 0-0: Ball
1-0: Ball
2-0: Ball
3-0: Called Strike
3-1: Fly out, F7 (Flyball, 7)
Top of the 4th over - 0 runs, 0 hits, 0 errors, 0 left on base; District 9 5 - Texarkana 4
BOTTOM OF THE 4TH
Texarkana Bears batting - Pitching for District 9 Prawns : LHP Ricardo Vega
Batting: RHB Steve Garneys 0-0: Ground out 5-3 (Groundball, 56)
Batting: RHB Kun Liu 0-0: Called Strike
0-1: Swinging Strike
0-2: SINGLE (Groundball, 56D)
Batting: LHB Alberto Medine 0-0: Ball
1-0: Ball
2-0: Foul Ball, location: 2F
2-1: Ball
3-1: Base on Balls
Kun Liu to second
Batting: RHB Sadao Kimura 0-0: Ball
1-0: Foul Ball, location: 2F
1-1: Ball
2-1: Fly out, F8 (Flyball, 8LXD)
Runner from 2nd tags up, SAFE at 3rd, no throw
Batting: RHB Billy Campbell 0-0: Ground out U3 (Groundball, 3)
Bottom of the 4th over - 0 runs, 1 hit, 0 errors, 2 left on base; District 9 5 - Texarkana 4
TOP OF THE 5TH
District 9 Prawns batting - Pitching for Texarkana Bears : RHP Joe Utter
Batting: LHB Terry Simpson 0-0: Ball
1-0: Ball
2-0: Ball
3-0: Called Strike
3-1: Base on Balls
Batting: LHB Mike Davis 0-0: Swinging Strike
0-1: Ball
1-1: Ball
2-1: Called Strike
2-2: Ball
3-2: Foul Ball, location: 2F
3-2: Foul Ball, location: 2F
3-2: Strikes out swinging
Batting: LHB Jeff Doss 0-0: Ball
1-0: Called Strike
Terry Simpson is caught stealing 2nd base
1-1: Ground out 4-3 (Groundball, 4MS)
Top of the 5th over - 0 runs, 0 hits, 0 errors, 0 left on base; District 9 5 - Texarkana 4
BOTTOM OF THE 5TH
Texarkana Bears batting - Pitching for District 9 Prawns : LHP Ricardo Vega
Batting: RHB Lu-fang Huie 0-0: Called Strike
0-1: Ball
1-1: Ball
2-1: Ball
3-1: Base on Balls
Batting: LHB Sam Barnes 0-0: Ball
1-0: Called Strike
1-1: Ball
2-1: Fly out, F9 (Flyball, 9D)
Batting: LHB Bernardo Morales 0-0: Ball
1-0: Ball
2-0: Ball
3-0: Base on Balls
Lu-fang Huie to second
Batting: RHB Arturo Rodríguez 0-0: Ball
1-0: Foul Ball, location: 2F
1-1: Ball
2-1: Foul Ball, location: 2F
2-2: Grounds into double play, 1-6-3 (Groundball, P)
Bottom of the 5th over - 0 runs, 0 hits, 0 errors, 1 left on base; District 9 5 - Texarkana 4
TOP OF THE 6TH
District 9 Prawns batting - Pitching for Texarkana Bears : RHP Joe Utter
Pitching: RHP Jesús Sosa
Batting: RHB Edgardo Carrasco 0-0: Called Strike
0-1: Swinging Strike
0-2: Foul Ball, location: 2F
0-2: Ball
1-2: Ball
2-2: Ball
3-2: Ground out 6-3 (Groundball, 6S)
Batting: LHB Manuel Cardenas 0-0: Foul Ball, location: 2F
0-1: Fly out, F8 (Flyball, 8RS)
Batting: RHB Lúcio García 0-0: Ball
1-0: Called Strike
1-1: Ball
2-1: Ball
3-1: Called Strike
3-2: Foul Ball, location: 2F
3-2: SOLO HOME RUN (Flyball, 9D), Distance : 397 ft
Batting: RHB Bernardo Corona 0-0: Ball
1-0: Called Strike
1-1: Ground out 6-3 (Groundball, 6)
Top of the 6th over - 1 run, 1 hit, 0 errors, 0 left on base; District 9 6 - Texarkana 4
BOTTOM OF THE 6TH
Texarkana Bears batting - Pitching for District 9 Prawns : LHP Ricardo Vega
Batting: RHB Steve Garneys 0-0: Called Strike
0-1: DOUBLE (Flyball, 8LD)
Pitching: RHP Clayton Hawkins
Batting: RHB Kun Liu 0-0: Ball
1-0: DOUBLE (Line Drive, 9LM)
Steve Garneys scores
Batting: LHB Alberto Medine 0-0: Ball
1-0: Ground out U3 (Groundball, 3)
Kun Liu to third
Batting: RHB Sadao Kimura 0-0: Called Strike
0-1: Ball
1-1: Foul Ball, location: 2F
1-2: Foul Ball, location: 2F
1-2: Foul Ball, location: 2F
1-2: Foul Ball, location: 2F
1-2: Ball
2-2: Ball
3-2: Foul Ball, location: 2F
3-2: Strikes out swinging
Batting: RHB Billy Campbell 0-0: Foul Ball, location: 2F
0-1: Swinging Strike
0-2: Foul Ball, location: 2F
0-2: Ball
1-2: Ball
2-2: Strikes out swinging
Bottom of the 6th over - 1 run, 2 hits, 0 errors, 1 left on base; District 9 6 - Texarkana 5
TOP OF THE 7TH
District 9 Prawns batting - Pitching for Texarkana Bears : RHP Jesús Sosa
Batting: SHB Júlio Macías 0-0: Called Strike
0-1: Ball
1-1: Foul Ball, location: 2F
1-2: Foul Ball, location: 2F
1-2: Strikes out swinging
Batting: RHB José Colón 0-0: Ball
1-0: Ground out 6-3 (Groundball, 6)
Batting: LHB Terry Simpson 0-0: SINGLE (Flyball, 8RS)
Batting: LHB Mike Davis 0-0: Foul Ball, location: 2F
0-1: Ball
1-1: Ball
2-1: Ball
3-1: Foul Ball, location: 2F
3-2: Fly out, F6 (Popup, 6MS)
Top of the 7th over - 0 runs, 1 hit, 0 errors, 1 left on base; District 9 6 - Texarkana 5
BOTTOM OF THE 7TH
Texarkana Bears batting - Pitching for District 9 Prawns : RHP Clayton Hawkins
Batting: RHB Lu-fang Huie 0-0: Called Strike
0-1: Swinging Strike
0-2: Ball
1-2: Strikes out swinging, 2-3 out at first.
Batting: LHB Sam Barnes 0-0: Fly out, F8 (Flyball, 8LD)
Batting: LHB Bernardo Morales 0-0: Ball
1-0: Called Strike
1-1: Ball
2-1: Ground out 4-3 (Groundball, 4)
Bottom of the 7th over - 0 runs, 0 hits, 0 errors, 0 left on base; District 9 6 - Texarkana 5
TOP OF THE 8TH
District 9 Prawns batting - Pitching for Texarkana Bears : RHP Jesús Sosa
Batting: LHB Jeff Doss 0-0: Called Strike
0-1: Ground out 5-3 (Groundball, 5L)
Batting: RHB Edgardo Carrasco 0-0: Ball
1-0: Ball
2-0: Called Strike
2-1: Ball
3-1: Foul Ball, location: 2F
3-2: SINGLE (Line Drive, 8LS)
Batting: LHB Manuel Cardenas 0-0: Called Strike
0-1: Ball
1-1: Ball
2-1: Swinging Strike
2-2: DOUBLE (Groundball, 3L)
Edgardo Carrasco to third
Pinch Hitting: LHB Leonard Young 0-0: Intentional Walk
Pinch Hitting: LHB Jeff Thompson 0-0: Called Strike
0-1: Ball
1-1: Ball
2-1: Foul Ball, location: 2F
2-2: Strikes out swinging
Batting: SHB Júlio Macías 0-0: Called Strike
0-1: Called Strike
0-2: Fly out, F7 (Flyball, 7D)
Top of the 8th over - 0 runs, 2 hits, 0 errors, 3 left on base; District 9 6 - Texarkana 5
BOTTOM OF THE 8TH
Texarkana Bears batting - Pitching for District 9 Prawns : RHP Clayton Hawkins
Now at SS: Jim Edgar
Now in RF: Culley Vaughan
Batting: RHB Arturo Rodríguez 0-0: Ball
1-0: Swinging Strike
1-1: Foul Ball, location: 2F
1-2: Strikes out swinging
Batting: RHB Steve Garneys 0-0: SINGLE (Flyball, 8RS)
Pinch Hitting: LHB Mark Thomas 0-0: Sac Bunt - play at first, batter OUT! 1-4
Steve Garneys to second
Pitching: RHP José Huerta
Batting: LHB Alberto Medine 0-0: Called Strike
0-1: Fly out, F3 (Line Drive, 34)
Bottom of the 8th over - 0 runs, 1 hit, 0 errors, 1 left on base; District 9 6 - Texarkana 5
TOP OF THE 9TH
District 9 Prawns batting - Pitching for Texarkana Bears : RHP Jesús Sosa
Now at 2B: Cam Flowers
Batting: RHB José Colón 0-0: Called Strike
0-1: Ball
1-1: Foul Ball, location: 2F
1-2: Ground out 5-3 (Groundball, 5L)
Batting: LHB Terry Simpson 0-0: Ball
1-0: Called Strike
1-1: Swinging Strike
1-2: Ball
2-2: Foul Ball, location: 2F
2-2: Ball
3-2: Strikes out swinging
Batting: LHB Mike Davis 0-0: Foul Ball, location: 2F
0-1: Ball
1-1: Foul Ball, location: 2F
1-2: Foul Ball, location: 2F
1-2: Foul Ball, location: 2F
1-2: Ball
2-2: Fly out, F7 (Flyball, 7S)
Top of the 9th over - 0 runs, 0 hits, 0 errors, 0 left on base; District 9 6 - Texarkana 5
BOTTOM OF THE 9TH
Texarkana Bears batting - Pitching for District 9 Prawns : RHP José Huerta
Pitching: RHP Mike Stabler
Now in LF: Donnie Cunningham
Pinch Hitting: LHB Tom Mullins 0-0: Ball
1-0: Swinging Strike
1-1: Called Strike
1-2: Strikes out looking
Batting: RHB Billy Campbell 0-0: Called Strike
0-1: Foul Ball, location: 2F
0-2: Strikes out swinging
Batting: RHB Lu-fang Huie 0-0: Ball
1-0: Ball
2-0: Called Strike
2-1: Ball
3-1: Base on Balls
Batting: LHB Sam Barnes 0-0: Ball
1-0: Called Strike
1-1: SINGLE (Line Drive, 9LM)
Lu-fang Huie to second
Runner from 2nd tries for 3rd, SAFE, no throw
Batting: LHB Bernardo Morales 0-0: Foul Ball, location: 2F
0-1: Ground out 4-3 (Groundball, 34)
Bottom of the 9th over - 0 runs, 1 hit, 0 errors, 2 left on base; District 9 6 - Texarkana 5
Saturday, December 16th, 2017 - OOTP Baseball 18.8 Build 76